 Dungeon Crawl Stone Soup version 0.28-a0-998-gb9e9c7b67e (webtiles) character file.

Game seed: 3076141011234198406

31 vurker the Gusty (level 3, 0/15 HPs)
             Began as a Felid Air Elementalist on Dec 5, 2021.
             Succumbed to an adder's poison
             ... on level 2 of the Dungeon.
             The game lasted 00:00:57 (1565 turns).

vurker the Gusty (Felid Air Elementalist)           Turns: 1565, Time: 00:00:58

Health: 0/15       AC:  1    Str:  4    XL:     3   Next: 7%
Magic:  0/7        EV: 17    Int: 24    God:
Gold:   38         SH:  0    Dex: 16    Spells: 6/7 levels left
                                        Lives:  0   Deaths: 0

rFire   . . .      SeeInvis +   (weapon unavailable)
rCold   . . .      Faith    .   (shield unavailable)
rNeg    . . .      Spirit   .   (armour unavailable)
rPois   .          Reflect  .   (helmet unavailable)
rElec   .          Harm     .   (cloak unavailable)
rCorr   .          Rampage  .   (gloves unavailable)
Will    .....                   (boots unavailable)
Stlth   ++........              (no amulet)
HPRegen 0.05/turn               c - +6 ring of intelligence
MPRegen 0.10/turn               (no ring)

@: lethally poisoned (0 -> -10), quick
A: very small, claws 1, fangs 3, see invisible, speed 1, shaggy fur 1, stealthy
paws, no weapons or thrown items, no armour, multi-lived
a: no special abilities


You were on level 2 of the Dungeon.
You visited 1 branch of the dungeon, and saw 2 of its levels.

You collected 38 gold pieces.

Inventory:

Jewellery
 c - a +6 ring of intelligence (left paw)
   (You found it on level 1 of the Dungeon)
Scrolls
 a - a scroll of holy word {unknown}
 b - 2 scrolls of identify {unknown}
 d - a scroll of fog {unknown}
Potions
 e - a potion of magic {unknown}
 f - a potion of flight {unknown}


   Skills:
 + Level 0.9 Fighting
 - Level 2.6 Dodging
 - Level 2.6 Stealth
 * Level 2.5 Spellcasting
 + Level 1.2 Conjurations
 * Level 3.1 Air Magic


You had 6 spell levels left.
You knew the following spells:

 Your Spells              Type           Power      Damage    Failure   Level
a - Shock                 Conj/Air       52%        1d6       4%          1

Your spell library contained the following spells:

 Spells                   Type           Power      Damage    Failure   Level
 Static Discharge         Conj/Air       13%        N/A       7%          2
 Swiftness                Air            18%        N/A       10%         3
 Slow                     Hex            12%        N/A       12%         1
 Airstrike                Air            9%         N/A       30%         4


Dungeon Overview and Level Annotations

Branches:
Dungeon (2/15)

Altars:

Shops:
D:1 (


Innate Abilities, Weirdness & Mutations

You have sharp claws.
You have razor-sharp teeth.
You have supernaturally acute eyesight. (SInv)
You cover ground quickly. (Speed+)
You are covered in fur. (AC +1)
Your paws help you pounce on unaware monsters.
You are incapable of wielding weapons or throwing items.
You cannot wear armour.
You gain extra lives every three experience levels.


Message History

Your magical contamination has completely faded away.
You now have 31 gold pieces (gained 10).
You can't see any susceptible monsters within range! (Use Z to cast anyway.)
You now have 38 gold pieces (gained 7).
You can't see any susceptible monsters within range! (Use Z to cast anyway.)
A giant cockroach comes into view.
Found a dagger.
A giant cockroach is nearby!
A giant cockroach is nearby!
Aim: a giant cockroach (68% to hit)
The zap hits the giant cockroach.
Aim: a giant cockroach (heavily wounded, 68% to hit)
The zap hits the giant cockroach.
You kill the giant cockroach!
You can't see any susceptible monsters within range! (Use Z to cast anyway.)
You can't see any susceptible monsters within range! (Use Z to cast anyway.)
You see here a bat skeleton.
An adder comes into view.
Aim: an adder (asleep, 100% to hit)
The zap hits the adder.
The adder hisses angrily.
You can't see any susceptible monsters within range! (Use Z to cast anyway.)
You can't see any susceptible monsters within range! (Use Z to cast anyway.)
You can't see any susceptible monsters within range! (Use Z to cast anyway.)
The adder closely misses you.
An adder is nearby!
Aim: an adder (lightly wounded, 48% to hit)
The zap misses the adder.
The adder bites you.
You are poisoned.
The adder poisons you!
Aim: an adder (lightly wounded, 48% to hit)
The zap hits the adder.
You feel sick. The adder bites you.
You are more poisoned.
The adder poisons you!
Aim: an adder (moderately wounded, 48% to hit)
The zap misses the adder.
You feel sick. The adder bites you.
You are more poisoned.
The adder poisons you!
Aim: an adder (moderately wounded, 48% to hit)
The zap hits the adder.
* * * LOW HITPOINT WARNING * * *
You feel very sick. The adder closely misses you. The adder misses you.
The zap hits the adder.
The zap misses the adder.
* * * LOW HITPOINT WARNING * * *
You feel very sick. The adder closely misses you.
The zap hits the adder.
You kill the adder!
You die...

...†.####............#
...).#..).#÷.........
......†###..#.<.....
.#.....###.##......
..##.......# ...... #.
##.....#########
..............##
........#####..#
.##.#...# ##@# #.#...#
#.†...# # #...#
###...# #...# ...#
#...# ..# #### ..# .#
.#


There were no monsters in sight!

Vanquished Creatures
  An adder (D:2)
  2 dart slugs (D:1)
  2 endoplasms (D:1)
  4 giant cockroaches
  2 goblins
  2 hobgoblins (D:1)
  3 ball pythons
  2 bats
  A frilled lizard (D:1)
  4 kobolds
  5 rats
28 creatures vanquished.

Vanquished Creatures (others)
  3 fungi (D:1)
3 creatures vanquished.

Grand Total: 31 creatures vanquished

Notes
Turn   | Place    | Note
-------+----------+-------------------------------------------
     0 | D:1      | vurker the Felid Air Elementalist began the quest for the
                  | Orb.
     0 | D:1      | Reached XP level 1. HP: 7/7 MP: 4/4
   134 | D:1      | Reached skill level 1 in Conjurations
   340 | D:1      | Reached XP level 2. HP: 12/12 MP: 3/6
   506 | D:1      | Reached skill level 3 in Air Magic
   676 | D:1      | Found a faded altar of an unknown god.
   680 | D:1      | Got Plato's Compendium of Enchantment
   972 | D:1      | Found Viat's Weapon Boutique.
  1409 | D:2      | Reached XP level 3. HP: 15/15 MP: 5/7
  1565 | D:2      | Succumbed to an adder's poison

Illustrated notes

Levels and vault maps discovered:
D:1:      matt_arrival_diagonals, layout_basic,
          shapermc_ecumenical_altar_rom_forum, serial_shops,
          nicolae_shop_bloodbath_and_beyond
D:2:      layout_rooms

Skill      XL: |  1  2 |
---------------+-------+-----
Conjurations   | 1 |  1.2
Air Magic      | 3 |  3.1
Fighting       | |  0.9
Dodging        | |  2.6
Stealth        | |  2.6
Spellcasting   | |  2.5

Action                   || total
-------------------------++-------
Melee: Unarmed           ||     4
 Cast: Shock             ||    67
Armor: Skin              ||     1
Dodge: Dodged            ||    11

Table legend: (Time is in decaauts)
 A = Elapsed time spent in this place.
 B = Non-inter-level travel time spent in this place.
 C = Inter-level travel time spent in this place.
 D = Time resting spent in this place.
 E = Time spent auto-exploring this place.
 F = Levels seen in this place.
 G = Mean time per level.
                   A        B        C        D        E       F      G
               +--------+--------+--------+--------+--------+-----+--------+
         Total |   1411 |   1370 |     41 |      0 |   1228 |   2 |  705.5 |
       Dungeon |   1411 |   1370 |     41 |      0 |   1228 |   2 |  705.5 |
               +--------+--------+--------+--------+--------+-----+--------+

Top non-repeatable levels by time:
     D:1: 1116 daAuts
     D:2: 295 daAuts
